 Dungeon Crawl Stone Soup version 0.29-a0-340-g6efceafd81 (webtiles) character file.

Game seed: 3105487990947069537

119 spiderkeys the Skirmisher (level 5, 0/46 HPs)
             Began as a Ghoul Abyssal Knight on Apr 20, 2022.
             Was a Priest of Lugonu.
             Slain by an adder (2 damage)
             ... on level 3 of the Dungeon.
             The game lasted 00:02:21 (2155 turns).

spiderkeys the Skirmisher (Ghoul Abyssal Knight)    Turns: 2155, Time: 00:02:22

Health: 0/46       AC:  9    Str: 19    XL:     5   Next: 3%
Magic:  6/6        EV:  7    Int:  5    God:    Lugonu [***...]
Gold:   95         SH:  0    Dex:  9    Spells: 4/4 levels left

rFire   . . .      SeeInvis .   a - +2 hand axe
rCold   + . .      Faith    .   (no shield)
rNeg    + + +      Spirit   .   i - +1 chain mail
rPois   ∞          Reflect  .   (no helmet)
rElec   .          Harm     .   (no cloak)
rCorr   .          Rampage  .   (no gloves)
Will    .....                   (no boots)
Stlth   ..........              (no amulet)
HPRegen 0.00/turn               (no ring)
MPRegen 0.10/turn               (no ring)

@: inhibited regen
A: claws 1, cold resistance 1, negative energy resistance 3, inhibited
regeneration, torment resistance 2, devour on kill
a: Renounce Religion, Depart the Abyss, Bend Space, Banish


You were on level 3 of the Dungeon.
You worshipped Lugonu.
Lugonu was most pleased with you.
You visited 1 branch of the dungeon, and saw 3 of its levels.
You visited the Abyss 1 time.

You collected 95 gold pieces.


Innate Abilities, Weirdness & Mutations

You are immune to poison.
You have sharp fingernails.
Your flesh is cold resistant. (rC+)
You are immune to negative energy. (rN+++)
You do not regenerate when monsters are visible.
You are immune to unholy pain and torment.
You thrive by killing the living.


   Skills:
 + Level 4.1 Fighting
 + Level 2.7 Axes
 + Level 2.6 Armour
 - Level 1.0 Dodging
 + Level 3.1 Invocations


You had 4 spell levels left.
You didn't know any spells.
Your spell library was empty.

Inventory:

Hand Weapons
 a - a +2 hand axe (weapon)
Missiles
 c - 67 stones
 f - 12 poisoned darts
 h - 6 curare-tipped darts {=f}
 l - a throwing net {=f!f}
Armour
 b - a +0 leather armour
 i - a +1 chain mail (worn)
   (You found it on level 2 of the Dungeon)
 m - a +0 leather armour
   (You found it on level 3 of the Dungeon)
 n - a +0 leather armour
   (You found it on level 2 of the Dungeon)
 p - a +0 robe
   (You found it on level 2 of the Dungeon)
Magical Staves
 j - a staff of cold {!a}
   (You found it on level 2 of the Dungeon)
Scrolls
 g - a scroll of vulnerability {!r!r}
 o - a scroll of identify {@r1}
Potions
 d - 2 potions of curing {unknown}
 e - a potion of might {unknown}
 k - a potion of cancellation {unknown}

Dungeon Overview and Level Annotations

Branches:
Dungeon (3/15)

Altars:

...........##
............#
....).....#.##
..........#..#
.........###.# .
..#.†...## #.# ...
###.##### #.# ###..##
#.########.####S<.....
#.#......#....@)#
#..############## #..#
.P... #..# ......PP.
##..# PP.b...PP...
#...# P######### #P
#...# ..#.........
###.# ..#.###.###.#
#..#P..#.


You could see an adder.


Message History

A gnoll comes into view. It is wielding a +0 spear.
The gnoll shouts!
A gnoll comes into view. It is wielding a +0 flail.
The gnoll shouts!
You hear a shout!
A gnoll comes into view. It is wielding a +0 club.
An adder comes into view.
The gnoll hits you with a +0 spear. 😕 HP[-3]
You take 3 damage, and now have 37/40 hp.
You barely miss the gnoll.
The adder hisses angrily.
You hit the gnoll. The gnoll hits you with a +0 spear.
The gnoll hits you with a +0 flail. 😕 HP[-5]
You take 5 damage, and now have 32/40 hp.
You hit the gnoll. x2; The gnoll barely misses you.
The gnoll hits you but does no damage.
A bat comes into view.
The gnoll hits you but does no damage. The gnoll barely misses you.
You barely miss the gnoll. You closely miss the gnoll.
The gnoll hits you but does no damage. x2
You barely miss the gnoll. You claw the gnoll.
You kill the gnoll!
Lugonu accepts your kill.
You hit the gnoll but do no damage. The gnoll barely misses you.
You barely miss the gnoll. You hit the gnoll but do no damage.
The gnoll hits you with a +0 flail.
The gnoll hits you but does no damage. 😮 HP[-4]
You take 4 damage, and now have 28/40 hp.
You are too injured to fight recklessly!
You are too injured to fight recklessly!
You are too injured to fight recklessly!
You hit the gnoll. You closely miss the gnoll.
The gnoll hits you but does no damage.
The gnoll hits you with a +0 flail. 😮 HP[-3]
You take 3 damage, and now have 25/40 hp.
You closely miss the gnoll. You completely miss the gnoll.
The gnoll hits you with a +0 club.
The gnoll hits you but does no damage. 😮 HP[-3]
You take 3 damage, and now have 22/40 hp.
You barely miss the gnoll. You hit the gnoll.
The gnoll hits you with a +0 club.
* * * LOW HITPOINT WARNING * * *
The gnoll barely misses you. The gnoll hits you with a +0 club.
* * * LOW HITPOINT WARNING * * *
The gnoll hits you but does no damage. 😨 HP[-7]
You take 7 damage, and now have 15/40 hp.
You hit the gnoll.
You kill the gnoll!
Lugonu accepts your kill.
You feel better.
You hit the gnoll but do no damage.
The gnoll hits you but does no damage. 😨 HP[+3]
You regained 3 hp, and now have 18/40 hp.
You closely miss the adder. You barely miss the gnoll.
The adder bites you but does no damage. x2; The gnoll hits you with a +0 club!
* * * LOW HITPOINT WARNING * * *
😨 HP[-7]
You take 7 damage, and now have 11/40 hp.
You hit the gnoll. You miss the adder. The adder bites you.
* * * LOW HITPOINT WARNING * * *
The gnoll hits you with a +0 club.
* * * LOW HITPOINT WARNING * * *
😱 HP[-7]
You take 7 damage, and now have 4/40 hp.
You barely miss the gnoll. You hit the adder. The adder barely misses you.
The gnoll hits you but does no damage. The adder barely misses you.
You slash the gnoll!
You kill the gnoll!
Lugonu accepts your kill.
You closely miss the adder. The bat hits you.
* * * LOW HITPOINT WARNING * * *
The adder bites you but does no damage.
You have reached level 5!
You feel stronger. 😱 HP[-1] MP[+1]
You now have 46 max hp (+6).
Your mp is fully restored (6).
You barely miss the adder. The adder bites you but does no damage.
The bat barely misses you. The adder bites you but does no damage.
You barely miss the adder. You miss the bat.
The bat hits you but does no damage. The adder bites you but does no damage.
The bat closely misses you.
You closely miss the bat. You barely miss the adder.
The bat hits you but does no damage. The adder completely misses you.
The adder bites you but does no damage.
You closely miss the bat. You barely miss the adder.
The bat hits you but does no damage. The adder bites you but does no damage.
You closely miss the adder. The bat hits you but does no damage.
The adder bites you but does no damage. The bat hits you but does no damage.
The adder bites you but does no damage.
You hit the adder. You hit the bat.
You kill the bat!
Lugonu accepts your kill. The adder closely misses you.
The adder barely misses you.
You closely miss the adder. The adder barely misses you.
You miss the adder. The adder bites you.
* * * LOW HITPOINT WARNING * * *
The adder bites you.
You die...

Skill      XL: |  1  2  3  4 |
---------------+-------------+-----
Dodging        | 1 |  1.0
Axes           | 2 |  2.7
Armour         | 2 |  2.6
Fighting       | 4 |  4.1
Invocations    | 3 |  3.1

Action                   |  1- 3 |  4- 6 || total
-------------------------+-------+-------++-------
Melee: Hand axe          |   103 |    62 ||   165
       Punch             |       |     1 ||     1
  Use: Scroll            |     3 |     3 ||     6
Armor: Leather armour    |    28 |       ||    28
       Chain mail        |    21 |    49 ||    70
Dodge: Dodged            |    54 |    31 ||    85

Levels and vault maps discovered:
D:1:      dpeg_arrival_ternary, layout_basic,
          shapermc_ecumenical_altar_starsandcircs, bh_walls_and_bars
D:2:      minmay_angry_zag, layout_loops_cross
D:3:      layout_rooms, mainiacjoe_overflow_catwalk, serial_aquarium,
          aquarium_bridge_island_large [aquarium_subvault_large_4_pools,
          aquarium_subvault_bridge, aquarium_subvault_window,
          aquarium_subvault_window, aquarium_subvault_window],
          aquarium_bridge_straight [aquarium_subvault_bridge,
          aquarium_subvault_window, aquarium_subvault_bridge,
          aquarium_subvault_balcony], aquarium_window_fake, aquarium_window_2,
          aquarium_view_2b, aquarium_view_2e, aquarium_pool_S, uniq_terence

Notes
Turn   | Place    | Note
-------+----------+-------------------------------------------
     0 | Abyss:1  | spiderkeys the Ghoul Abyssal Knight began the quest for the
                  | Orb.
     0 | Abyss:1  | Reached XP level 1. HP: 19/19 MP: 1/1
     0 | Abyss:1  | magus.rc [v1.11.3]
    18 | D:1      | You pass through the gate.
    18 | D:1      | Escaped the Abyss
   174 | D:1      | Reached skill level 1 in Dodging
   301 | D:1      | Reached XP level 2. HP: 26/26 MP: 2/2
   302 | D:1      | Reached skill level 2 in Axes
   302 | D:1      | Reached skill level 2 in Armour
   690 | D:1      | Found a faded altar of an unknown god.
   931 | D:1      | Reached XP level 3. HP: 31/31 MP: 3/3
  1554 | D:2      | Reached XP level 4. HP: 39/40 MP: 3/5
  1931 | D:2      | Reached *** piety under Lugonu
  2088 | D:3      | Reached skill level 4 in Fighting
  2098 | D:3      | Reached skill level 3 in Invocations
  2145 | D:3      | HP: 8/40 [adder (3)]
  2147 | D:3      | HP: 3/40 [bat (1)]
  2148 | D:3      | Reached XP level 5. HP: 3/46 MP: 6/6
  2155 | D:3      | HP: 2/46 [adder (1)]
  2155 | D:3      | Slain by an adder

Vanquished Creatures
  3 adders
  3 gnolls (D:3)
  2 worms (D:2)
  A dart slug (D:1)
  5 ball pythons
  6 bats
  4 endoplasms
  5 giant cockroaches
  4 goblins
  A hobgoblin (D:1)
  4 jackals (D:1)
  2 quokkas
  4 frilled lizards (D:1)
  7 kobolds
  3 rats (D:2)
54 creatures vanquished.

Table legend:
 A = Non-vault XP
 B = Vault XP
 C = Vault XP percentage of total XP
 D = Non-vault monster count
 E = Vault monster count
 F = Vault count percentage of total count
                 A         B        C        D         E       F
            +---------+---------+-------+---------+---------+-------
      Total |     145 |      25 |  14.7 |      48 |       6 |  11.1
            +---------+---------+-------+---------+---------+-------
        D:1 |      43 |       0 |   0.0 |      25 |       0 |   0.0
        D:2 |      42 |      25 |  37.3 |      15 |       6 |  28.6
        D:3 |      60 |       0 |   0.0 |       8 |       0 |   0.0
            +---------+---------+-------+---------+---------+-------

Illustrated notes

Table legend:
 A = Kills in this place as a percentage of kills in entire the game.
 B = Kills by you in this place as a percentage of kills by you in the entire game.
 C = Kills by friends in this place as a percentage of kills by friends in the entire game.
 D = Other kills in this place as a percentage of other kills in the entire game.
 E = Experience gained in this place as a percentage of experience gained in the entire game.
 F = Experience gained in this place divided by the number of levels of this place that you have seen.
                   A       B       C       D       E      F
               +-------+-------+-------+-------+-------+----------------------
         Total | 100.0 | 100.0 |   N/A |   N/A | 100.0 |  42.5
       Dungeon | 100.0 | 100.0 |   N/A |   N/A | 100.0 |  56.7
               +-------+-------+-------+-------+-------+----------------------

Table legend: (Time is in decaauts)
 A = Elapsed time spent in this place.
 B = Non-inter-level travel time spent in this place.
 C = Inter-level travel time spent in this place.
 D = Time resting spent in this place.
 E = Time spent auto-exploring this place.
 F = Levels seen in this place.
 G = Mean time per level.
                   A        B        C        D        E       F      G
               +--------+--------+--------+--------+--------+-----+--------+
         Total |   2184 |   2095 |     89 |      0 |   1729 |   4 |  546.0 |
       Dungeon |   2166 |   2077 |     89 |      0 |   1721 |   3 |  722.0 |
         Abyss |     18 |     18 |      0 |      0 |      8 |   1 |   18.0 |
               +--------+--------+--------+--------+--------+-----+--------+

Top non-repeatable levels by time:
     D:1: 1105 daAuts
     D:2: 961 daAuts
     D:3: 99 daAuts
 Abyss:1: 18 daAuts
